 Dungeon Crawl Stone Soup version 0.31-a0-232-gb1c03b2570 (webtiles) character file.

Game seed: 13734461537637847237

50 qw the Shooter (level 3, -1/29 HPs)
             Began as a Minotaur Hexslinger on July 7, 2023.
             Slain by Sigmund
             ... wielding a +7 scythe of freezing
              (5 damage)
             ... on level 2 of the Dungeon.
             The game lasted 00:00:27 (1317 turns).

qw the Shooter (Minotaur Hexslinger)                Turns: 1317, Time: 00:00:28

Health: -1/29      AC:  3    Str: 12    XL:     3   Next: 55%
Magic:  3/3        EV: 12    Int: 10    God:
Gold:   32         SH:  0    Dex: 14    Spells: 3/4 levels left

rFire   . . .        Y - +1 sling
rCold   . . .        (no shield)
rNeg    . . .        c - +0 robe
rPois   .            (helmet restricted)
rElec   .            d - +0 cloak
rCorr   .            (no gloves)
SInv    .            (no boots)
Will    .....        (no amulet)
Stlth   +            (no ring)
HPRegen 0.24/turn    (no ring)
MPRegen 0.08/turn

%: no passive effects
@: confused
A: horns 2, retaliatory headbutt
a: no special abilities


You were on level 2 of the Dungeon.
You visited 1 branch of the dungeon, and saw 2 of its levels.

You collected 32 gold pieces.


Innate Abilities, Weirdness & Mutations

You have a pair of horns on your head.
You reflexively headbutt those who attack you in melee.


   Skills:
 - Level 2.0 Fighting
 + Level 4.1 Ranged Weapons
 - Level 2.1 Dodging
 - Level 1.0 Spellcasting
 - Level 2.0 Hexes


You had 3 spell levels left.
You knew the following spells:

 Your Spells              Type           Power      Damage    Failure   Level
a - Slow                  Hex            16%        N/A       16%         1

Your spell library contained the following spells:

 Spells                   Type           Power      Damage    Failure   Level
 Inner Flame              Hex/Fire       2%         N/A       56%         3
 Portal Projectile        Hex/Tloc       4%         N/A       56%         3
 Cause Fear               Hex            2%         N/A       83%         4

Inventory:

Hand Weapons
 Y - a +1 sling (weapon)
Armour
 c - a +0 robe (worn)
 d - a +0 cloak (worn)
Scrolls
 a - a scroll of noise {unknown}
 b - a scroll of revelation {unknown}
 h - a scroll of identify
Potions
 e - a potion of degeneration {unknown}
 f - a potion of mutation {unknown}
 j - a potion of ambrosia {unknown}
 k - a potion of enlightenment {unknown}

Dungeon Overview and Level Annotations

Branches:
Dungeon (2/15)

Altars:

Shops:
D:1 *

Annotations:
D:2 Sigmund


Message History

The hobgoblin closely misses you.
You shoot a sling bullet. The sling bullet hits the hobgoblin.
The hobgoblin is almost dead.
The hobgoblin hits you but does no damage.
You shoot a sling bullet. The sling bullet hits the hobgoblin.
You kill the hobgoblin!
Sigmund the Dreaded comes into view.
He is wielding a +7 scythe of freezing and wearing a +1 robe of willpower.
Sigmund shouts!
Enter note:
Enter note: You shoot a sling bullet.
The sling bullet hits Sigmund.
Sigmund is lightly wounded.
You shoot a sling bullet.
The sling bullet closely misses Sigmund.
You shoot a sling bullet.
The sling bullet hits Sigmund but does no damage.
Sigmund is lightly wounded.
You shoot a sling bullet. The sling bullet hits Sigmund.
Sigmund is moderately wounded.
You shoot a sling bullet. The sling bullet hits Sigmund.
Sigmund is heavily wounded.
Sigmund points at you and mumbles some strange words.
You are confused.
Sigmund barely misses you.
Sigmund hits you from afar with a +7 scythe of freezing!
Sigmund freezes you.
Enter note: Sigmund barely misses you.
You feel less confused. Sigmund misses you.
Enter note:
Enter note:
Enter note:
Enter note: Sigmund points at you and mumbles some strange words.
You are confused.
Sigmund says, "Now you see me, now you don't..."
Sigmund hits you from afar with a +7 scythe of freezing!
Sigmund freezes you.
You die...

..............
.............
............
........... ..........
### .........
#.######........
...####....@.@........
......................
######.#######.......
#.........# ....>..
.######.........#
#######
................#
.######.........# .#
#.........# .#
#.........#


You could see Sigmund.

Vanquished Creatures
  An adder (D:2)
  A dart slug (D:1)
  3 endoplasms
  A giant cockroach (D:1)
  4 goblins (D:1)
  5 hobgoblins
  3 quokkas
  4 ball pythons
  6 bats
  A frilled lizard (D:2)
  4 kobolds
  2 rats (D:1)
35 creatures vanquished.

Notes
Turn   | Place    | Note
-------+----------+-------------------------------------------
     0 | D:1      | qw the Minotaur Hexslinger began the quest for the Orb.
     0 | D:1      | Reached XP level 1. HP: 16/16 MP: 1/1
     0 | D:1      | 0 ||| qw: Version: 0.3-a-46-gb1f654a
     0 | D:1      | 0 ||| qw: Game counter: 2963
     0 | D:1      | 0 ||| qw: Melee chars always use a shield: true
     0 | D:1      | 0 ||| qw: God list: Okawaru
     0 | D:1      | 0 ||| qw: Allow faded altars: false
     0 | D:1      | 0 ||| qw: Do Orc after clearing Dungeon:15 true
     0 | D:1      | 0 ||| qw: Do second Lair branch before Depths: true
     0 | D:1      | 0 ||| qw: Lair rune preference: random
     0 | D:1      | 0 ||| qw: Goals: Normal
     0 | D:1      | 0 ||| PLANNING D:1-11
   186 | D:1      | Reached skill level 3 in Ranged Weapons
   211 | D:1      | Reached XP level 2. HP: 23/23 MP: 2/2
   565 | D:1      | Found Cetoach's Assorted Antiques.
   568 | D:1      | 568 ||| SHOPLISTING cyan potion (23 gold, have 19).
   568 | D:1      | 568 ||| SHOPLISTING leather armour (52 gold, have 19).
   568 | D:1      | 568 ||| SHOPLISTING sapphire potion (23 gold, have 19).
   568 | D:1      | 568 ||| SHOPLISTING scroll labelled TIMNUA CUXTOUN (26
                  | gold, have 19).
   568 | D:1      | 568 ||| SHOPLISTING scroll labelled TOBBEH ROLO (26 gold,
                  | have 19).
  1027 | D:1      | 1027 ||| UPGRADING to +0 cloak.
  1032 | D:1      | 1032 ||| READING scroll labelled NUL TALEXTAPN.
  1033 | D:1      | 1033 ||| READING 2 scrolls labelled UJAORI MINUFF.
  1034 | D:1      | 1034 ||| READING scroll labelled VES BIJOCIBUU.
  1035 | D:1      | 1035 ||| DROPPING scroll of poison.
  1092 | D:2      | Reached XP level 3. HP: 29/29 MP: 3/3
  1221 | D:2      | Reached skill level 4 in Ranged Weapons
  1302 | D:2      | Noticed Sigmund
  1317 | D:2      | HP: 4/29 [Sigmund/+7 scythe of freezing (12)]
  1317 | D:2      | Slain by Sigmund

Levels and vault maps discovered:
D:1:      dpeg_arrival_morbid_curiosity, layout_loops_corners, serial_shops,
          nicolae_shop_behind_doors, dreamdust_princess_corridor
D:2:      layout_basic, uniq_sigmund, uniq_natasha

Skill      XL: |  1  2  3 |
---------------+----------+-----
Ranged Weapons | 3 4 |  4.1
Fighting       | 2 |  2.0
Dodging        | |  2.1
Spellcasting   | |  1.0
Hexes          | |  2.0

Action                     || total
---------------------------++-------
   Fire: Sling             ||   104
    Use: Scroll            ||     3
 Armour: Robe              ||    13
  Dodge: Dodged            ||    22

Table legend:
 A = Non-vault XP
 B = Vault XP
 C = Vault XP percentage of total XP
 D = Non-vault monster count
 E = Vault monster count
 F = Vault count percentage of total count
                 A         B        C        D         E       F
            +---------+---------+-------+---------+---------+-------
      Total |      63 |       9 |  12.5 |      30 |       5 |  14.3
            +---------+---------+-------+---------+---------+-------
        D:1 |      31 |       9 |  22.5 |      18 |       5 |  21.7
        D:2 |      32 |       0 |   0.0 |      12 |       0 |   0.0
            +---------+---------+-------+---------+---------+-------
